| TOP OF THE 1ST |
|
Arkansas Travelers batting - Pitching for Jackson Generals : RHP Justin Lee
|
|
Pitching: RHP Justin Lee
|
|
|
Batting: RHB Jasper Burd
|
0-0: Ball 1-0: Ball 2-0: Foul Ball, location: 2F 2-1: Ball 3-1: Fly out, F8 (Flyball, 8RM, EV 83.1 MPH)
|
|
Batting: RHB Andres Mendiola
|
0-0: Called Strike 0-1: Swinging Strike 0-2: Strikes out swinging
|
|
Batting: SHB Mario Padron
|
0-0: Ball 1-0: Ball 2-0: Foul Ball, location: 2F 2-1: Ball 3-1: Called Strike 3-2: Strikes out swinging
|
| Top of the 1st over - 0 runs, 0 hits, 0 errors, 0 left on base; Arkansas 0 - Jackson 0 |
| BOTTOM OF THE 1ST |
|
Jackson Generals batting - Pitching for Arkansas Travelers : RHP Mike Tallerico
|
|
Pitching: RHP Mike Tallerico
|
|
|
Batting: RHB Malik Brookshire
|
0-0: Ball 1-0: Ball 2-0: Called Strike 2-1: Foul Ball, location: 2F 2-2: Ground out 5-3 (Groundball, 56S, EV 87.5 MPH)
|
|
Batting: RHB Sean Peake
|
0-0: SOLO HOME RUN (Flyball, 9LD, EV 90.0 MPH), Distance : 348 ft
|
|
Batting: LHB Jerrod Cluck
|
0-0: Called Strike 0-1: Swinging Strike 0-2: Ball 1-2: Foul Ball, location: 2F 1-2: Ball 2-2: Foul Ball, location: 2F 2-2: Foul Ball, location: 2F 2-2: Ball 3-2: Base on Balls
|
|
Batting: LHB Cliff Thomas
|
0-0: Called Strike Jerrod Cluck is caught stealing 2nd base 2-6 0-1: Foul Ball, location: 2F 0-2: Ball 1-2: Ground out 6-3 (Groundball, 4, EV 83.1 MPH)
|
| Bottom of the 1st over - 1 run, 1 hit, 0 errors, 0 left on base; Arkansas 0 - Jackson 1 |
| TOP OF THE 2ND |
|
Arkansas Travelers batting - Pitching for Jackson Generals : RHP Justin Lee
|
|
Batting: LHB Matt Calitri
|
0-0: Ball 1-0: Ball 2-0: Swinging Strike 2-1: Swinging Strike 2-2: Strikes out swinging
|
|
Batting: LHB Tyler Meier
|
0-0: Ball 1-0: Called Strike 1-1: Ground out U3 (Groundball, 23, EV 83.1 MPH)
|
|
Batting: LHB Barrfhionn O'Toole
|
0-0: Called Strike 0-1: Foul Ball, location: 2F 0-2: Ball 1-2: Foul Ball, location: 2F 1-2: Strikes out swinging
|
| Top of the 2nd over - 0 runs, 0 hits, 0 errors, 0 left on base; Arkansas 0 - Jackson 1 |
| BOTTOM OF THE 2ND |
|
Jackson Generals batting - Pitching for Arkansas Travelers : RHP Mike Tallerico
|
|
Batting: RHB Tony Vargas
|
0-0: Called Strike 0-1: Swinging Strike 0-2: Strikes out swinging
|
|
Batting: LHB Tom Reynolds
|
0-0: Ball 1-0: Ball 2-0: Ball 3-0: Base on Balls
|
|
Batting: RHB Harutomi Matsubara
|
0-0: Ball 1-0: Ball 2-0: Swinging Strike 2-1: Called Strike 2-2: Strikes out swinging
|
|
Batting: LHB Dwain Ashford
|
0-0: Called Strike 0-1: DOUBLE (Line Drive, 7LM, EV 90.6 MPH) Tom Reynolds to third
|
|
Batting: RHB Brad Robidas
|
0-0: Called Strike 0-1: Swinging Strike 0-2: TRIPLE (Line Drive, 8LXD, EV 103.1 MPH) Tom Reynolds scores Dwain Ashford scores
|
|
Batting: RHB Malik Brookshire
|
0-0: Ball 1-0: Ball 2-0: Ball 3-0: Ground out 6-3 (Groundball, 56, EV 93.1 MPH)
|
| Bottom of the 2nd over - 2 runs, 2 hits, 0 errors, 1 left on base; Arkansas 0 - Jackson 3 |
| TOP OF THE 3RD |
|
Arkansas Travelers batting - Pitching for Jackson Generals : RHP Justin Lee
|
|
Batting: LHB Sean Corderman
|
0-0: Fly out, F3 (Flyball, 34D, EV 91.2 MPH)
|
|
Batting: RHB David Young
|
0-0: Ball 1-0: Ground out 5-3 (Groundball, 56, EV 82.5 MPH)
|
|
Batting: RHB Roberto Martinez
|
0-0: Ball 1-0: Ball 2-0: Called Strike 2-1: Foul Ball, location: 2F 2-2: Strikes out swinging
|
| Top of the 3rd over - 0 runs, 0 hits, 0 errors, 0 left on base; Arkansas 0 - Jackson 3 |
| BOTTOM OF THE 3RD |
|
Jackson Generals batting - Pitching for Arkansas Travelers : RHP Mike Tallerico
|
|
Batting: RHB Sean Peake
|
0-0: Ball 1-0: Ball 2-0: Ball 3-0: Ground out 5-3 (Groundball, 5S, EV 63.8 MPH)
|
|
Batting: LHB Jerrod Cluck
|
0-0: Ball 1-0: Called Strike 1-1: Foul Ball, location: 2F 1-2: Foul Ball, location: 2F 1-2: Ball 2-2: Ball 3-2: DOUBLE (Flyball, 78XD, EV 100.0 MPH)
|
|
Batting: LHB Cliff Thomas
|
0-0: Swinging Strike 0-1: Ball 1-1: Swinging Strike 1-2: Ball 2-2: Strikes out swinging
|
|
Batting: RHB Tony Vargas
|
0-0: Foul Ball, location: 2F 0-1: Ball 1-1: Foul Ball, location: 2F 1-2: Ground out 2-3 (Groundball, 2L, EV 76.2 MPH)
|
| Bottom of the 3rd over - 0 runs, 1 hit, 0 errors, 1 left on base; Arkansas 0 - Jackson 3 |
| TOP OF THE 4TH |
|
Arkansas Travelers batting - Pitching for Jackson Generals : RHP Justin Lee
|
|
Batting: RHB Jasper Burd
|
0-0: Foul Ball, location: 2F 0-1: Ball 1-1: Fly out, F3 (Popup, 3SF, EV 83.1 MPH)
|
|
Batting: RHB Andres Mendiola
|
0-0: Ground out 3-1 (Groundball, 34S, EV 81.9 MPH)
|
|
Batting: SHB Mario Padron
|
0-0: Ball 1-0: Called Strike 1-1: Fly out, F8 (Flyball, 8RXD, EV 86.2 MPH)
|
| Top of the 4th over - 0 runs, 0 hits, 0 errors, 0 left on base; Arkansas 0 - Jackson 3 |
| BOTTOM OF THE 4TH |
|
Jackson Generals batting - Pitching for Arkansas Travelers : RHP Mike Tallerico
|
|
Batting: LHB Tom Reynolds
|
0-0: SINGLE (Groundball, 56S, EV 68.8 MPH) (infield hit)
|
|
Batting: RHB Harutomi Matsubara
|
0-0: Fly out, F8 (Line Drive, 8RD, EV 96.2 MPH)
|
|
Batting: LHB Dwain Ashford
|
0-0: Ball 1-0: Ball 2-0: Ball 3-0: Base on Balls Tom Reynolds to second
|
|
Batting: RHB Brad Robidas
|
0-0: Called Strike 0-1: Swinging Strike 0-2: Ball 1-2: Strikes out looking
|
|
Batting: RHB Malik Brookshire
|
0-0: Ball 1-0: Called Strike 1-1: Ball 2-1: Fielders Choice at 2nd, 6-4 (Groundball, 6, EV 90.6 MPH)
|
| Bottom of the 4th over - 0 runs, 1 hit, 0 errors, 2 left on base; Arkansas 0 - Jackson 3 |
| TOP OF THE 5TH |
|
Arkansas Travelers batting - Pitching for Jackson Generals : RHP Justin Lee
|
|
Batting: LHB Matt Calitri
|
0-0: Foul Ball, location: 2F 0-1: Ball 1-1: Foul Ball, location: 2F 1-2: Ball 2-2: Ball 3-2: Strikes out swinging
|
|
Batting: LHB Tyler Meier
|
0-0: Swinging Strike 0-1: Ball 1-1: Ball 2-1: Called Strike 2-2: Ball 3-2: Base on Balls
|
|
Batting: LHB Barrfhionn O'Toole
|
0-0: Called Strike 0-1: Fielders Choice at 2nd, 2-6 (Groundball, 2R, EV 70.0 MPH)
|
|
Batting: LHB Sean Corderman
|
0-0: Called Strike 0-1: Ball Barrfhionn O'Toole is caught stealing 2nd base 2-6
|
| Top of the 5th over - 0 runs, 0 hits, 0 errors, 0 left on base; Arkansas 0 - Jackson 3 |
| BOTTOM OF THE 5TH |
|
Jackson Generals batting - Pitching for Arkansas Travelers : RHP Mike Tallerico
|
|
Pitching: RHP Chad Baxter
|
|
|
Batting: RHB Sean Peake
|
0-0: Ball 1-0: Called Strike 1-1: Foul Ball, location: 2F 1-2: Ball 2-2: Foul Ball, location: 2F 2-2: Ball 3-2: Ground out 4-3 (Groundball, 4, EV 93.1 MPH)
|
|
Batting: LHB Jerrod Cluck
|
0-0: Foul Ball, location: 2F 0-1: Ball 1-1: Foul Ball, location: 2F 1-2: Ball 2-2: Foul Ball, location: 2F 2-2: Strikes out swinging
|
|
Batting: LHB Cliff Thomas
|
0-0: SINGLE (Flyball, 8RS, EV 91.2 MPH)
|
|
Pitching: RHP Jason Smallwood
|
|
|
Batting: RHB Tony Vargas
|
0-0: Ball 1-0: Ball 2-0: Reached on error, E2 (Groundball, 15S, EV 61.9 MPH) Cliff Thomas to third
|
|
Batting: LHB Tom Reynolds
|
0-0: Foul Ball, location: 2F 0-1: Ball 1-1: Ball 2-1: Ball 3-1: Foul Ball, location: 2F 3-2: Ground out 4-3 (Groundball, 4, EV 105.0 MPH)
|
| Bottom of the 5th over - 0 runs, 1 hit, 1 error, 2 left on base; Arkansas 0 - Jackson 3 |
| TOP OF THE 6TH |
|
Arkansas Travelers batting - Pitching for Jackson Generals : RHP Justin Lee
|
|
Batting: LHB Sean Corderman
|
0-0: Called Strike 0-1: Foul Ball, location: 2F 0-2: Ball 1-2: Ground out U3 (Groundball, 3L, EV 91.2 MPH)
|
|
Batting: RHB David Young
|
0-0: Hit by Pitch
|
|
Batting: RHB Roberto Martinez
|
0-0: Foul Ball, location: 2F 0-1: Foul Ball, location: 2F 0-2: Foul Ball, location: 2F 0-2: Fielders Choice at 2nd, 5-4 (Groundball, 5L, EV 89.4 MPH)
|
|
Batting: RHB Jasper Burd
|
0-0: Ball 1-0: Ball 2-0: Ground out 3-1 (Groundball, 34S, EV 93.8 MPH)
|
| Top of the 6th over - 0 runs, 0 hits, 0 errors, 1 left on base; Arkansas 0 - Jackson 3 |
| BOTTOM OF THE 6TH |
|
Jackson Generals batting - Pitching for Arkansas Travelers : RHP Jason Smallwood
|
|
Batting: RHB Harutomi Matsubara
|
0-0: Ball 1-0: Called Strike 1-1: Ball 2-1: SINGLE (Line Drive, 9LS, EV 90.0 MPH)
|
|
Batting: LHB Dwain Ashford
|
0-0: Ball Harutomi Matsubara is caught stealing 2nd base 2-6 1-0: Ball 2-0: Swinging Strike 2-1: Ball 3-1: DOUBLE (Line Drive, 8LD, EV 91.2 MPH)
|
|
Batting: RHB Brad Robidas
|
0-0: Ball 1-0: Ball 2-0: Called Strike 2-1: Ball 3-1: Foul Ball, location: 2F 3-2: Foul Ball, location: 2F 3-2: Foul Ball, location: 2F 3-2: Foul Ball, location: 2F 3-2: Fly out, F8 (Flyball, 8LD, EV 106.2 MPH)
|
|
Batting: RHB Malik Brookshire
|
0-0: Ball 1-0: Called Strike 1-1: SINGLE (Groundball, 6M, EV 103.8 MPH) (infield hit) Dwain Ashford to third
|
|
Batting: RHB Sean Peake
|
0-0: Ball 1-0: Foul Ball, location: 2F 1-1: Swinging Strike 1-2: Foul Ball, location: 2F 1-2: Strikes out looking
|
| Bottom of the 6th over - 0 runs, 3 hits, 0 errors, 2 left on base; Arkansas 0 - Jackson 3 |
| TOP OF THE 7TH |
|
Arkansas Travelers batting - Pitching for Jackson Generals : RHP Justin Lee
|
|
Batting: RHB Andres Mendiola
|
0-0: Fly out, F4 (Popup, 34, EV 76.2 MPH)
|
|
Batting: SHB Mario Padron
|
0-0: TRIPLE (Line Drive, 9D, EV 105.0 MPH)
|
|
Batting: LHB Matt Calitri
|
0-0: Ball 1-0: Ball 2-0: Swinging Strike 2-1: Foul Ball, location: 2F 2-2: Strikes out swinging
|
|
Batting: LHB Tyler Meier
|
0-0: Fly out, F6 (Popup, 6D, EV 55.0 MPH)
|
| Top of the 7th over - 0 runs, 1 hit, 0 errors, 1 left on base; Arkansas 0 - Jackson 3 |
| BOTTOM OF THE 7TH |
|
Jackson Generals batting - Pitching for Arkansas Travelers : RHP Jason Smallwood
|
|
Pitching: RHP Erick Vazquez
|
|
|
Batting: LHB Jerrod Cluck
|
0-0: Called Strike 0-1: Called Strike 0-2: Ball 1-2: Ball 2-2: Foul Ball, location: 2F 2-2: Strikes out swinging
|
|
Batting: LHB Cliff Thomas
|
0-0: Called Strike 0-1: Ball 1-1: Swinging Strike 1-2: Strikes out looking
|
|
Batting: RHB Tony Vargas
|
0-0: Foul Ball, location: 2F 0-1: Called Strike 0-2: Ball 1-2: Hit by Pitch
|
|
Batting: LHB Tom Reynolds
|
0-0: Called Strike 0-1: Ball 1-1: Ball Tony Vargas steals 2nd base 2-1: SINGLE (Line Drive, 34D, EV 96.2 MPH) Tony Vargas to third Runner from 3rd tries for Home, SAFE, throw by RF to home
|
|
Batting: RHB Harutomi Matsubara
|
0-0: Ball 1-0: Swinging Strike 1-1: Ball 2-1: SINGLE (Line Drive, 9S, EV 97.5 MPH) Tom Reynolds to second Runner from 2nd tries for 3rd, OUT! 9-5
|
| Bottom of the 7th over - 1 run, 2 hits, 0 errors, 1 left on base; Arkansas 0 - Jackson 4 |
| TOP OF THE 8TH |
|
Arkansas Travelers batting - Pitching for Jackson Generals : RHP Justin Lee
|
|
Batting: LHB Barrfhionn O'Toole
|
0-0: Called Strike 0-1: Ball 1-1: Ground out 6-3 (Groundball, 56, EV 108.8 MPH)
|
|
Batting: LHB Sean Corderman
|
0-0: Fly out, F8 (Line Drive, 8RM, EV 103.1 MPH)
|
|
Batting: RHB David Young
|
0-0: Ball 1-0: Ball 2-0: Ball 3-0: Base on Balls
|
|
Pitching: RHP Mark Case
|
|
|
Batting: RHB Roberto Martinez
|
0-0: Ball 1-0: Swinging Strike 1-1: Swinging Strike 1-2: Foul Ball, location: 2F 1-2: Strikes out swinging
|
| Top of the 8th over - 0 runs, 0 hits, 0 errors, 1 left on base; Arkansas 0 - Jackson 4 |
| BOTTOM OF THE 8TH |
|
Jackson Generals batting - Pitching for Arkansas Travelers : RHP Erick Vazquez
|
|
Pitching: RHP Andino Calzaghe
|
|
|
Batting: LHB Dwain Ashford
|
0-0: Ground out 5-3 (Groundball, 56, EV 80.0 MPH)
|
|
Batting: RHB Brad Robidas
|
0-0: TRIPLE (Flyball, 89XD, EV 102.5 MPH)
|
|
Batting: RHB Malik Brookshire
|
0-0: Ball 1-0: Ball 2-0: Called Strike 2-1: Ball 3-1: Fly out, F9 (Flyball, 9S, EV 93.1 MPH)
|
|
Batting: RHB Sean Peake
|
0-0: Ball 1-0: Ball 2-0: Swinging Strike 2-1: Ball 3-1: SINGLE (Groundball, 5S, EV 66.9 MPH) (infield hit) Brad Robidas scores
|
|
Batting: LHB Jerrod Cluck
|
0-0: Called Strike Sean Peake steals 2nd base 0-1: Ball 1-1: Ball 2-1: Foul Ball, location: 2F 2-2: Fly out, F5 (Popup, 5, EV 72.5 MPH)
|
| Bottom of the 8th over - 1 run, 2 hits, 0 errors, 1 left on base; Arkansas 0 - Jackson 5 |
| TOP OF THE 9TH |
|
Arkansas Travelers batting - Pitching for Jackson Generals : RHP Mark Case
|
|
Batting: RHB Jasper Burd
|
0-0: Swinging Strike 0-1: Swinging Strike 0-2: Ball 1-2: Hit by Pitch
|
|
Batting: RHB Andres Mendiola
|
Pickoff Throw to First - Error! E1 Jasper Burd to second 0-0: Ball 1-0: Ball 2-0: Reached on error, E3 (Groundball, 34, EV 90.6 MPH) Jasper Burd to third
|
|
Batting: SHB Mario Padron
|
|
|
DELAY
|
Rain delay of 32 minutes in the 9th inning. 0-0: Ball 1-0: 3-RUN HOME RUN (Flyball, 78XD, EV 108.1 MPH), Distance : 434 ft
|
|
Pitching: RHP Victor Cervantes
|
|
|
Now at C: Malik Brookshire
|
|
|
Now at 1B: Cliff Thomas
|
|
|
Now at 2B: Jesus Torres
|
|
|
Now in RF: Ignacio Bernal
|
|
|
Batting: LHB Matt Calitri
|
0-0: Called Strike 0-1: Foul Ball, location: 2F 0-2: Strikes out swinging
|
|
Batting: LHB Tyler Meier
|
0-0: Foul Ball, location: 2F 0-1: Swinging Strike 0-2: Ball 1-2: Ball 2-2: Foul Ball, location: 2F 2-2: Ball 3-2: Base on Balls
|
|
Batting: LHB Barrfhionn O'Toole
|
0-0: Fielders Choice at 2nd, 6-4 (Groundball, 6, EV 104.4 MPH)
|
|
Batting: LHB Sean Corderman
|
0-0: Ball 1-0: Foul Ball, location: 2F 1-1: Ball 2-1: Swinging Strike 2-2: Ground out U3 (Groundball, 34S, EV 90.0 MPH)
|
| Top of the 9th over - 3 runs, 1 hit, 2 errors, 1 left on base; Arkansas 3 - Jackson 5 |
|